TOP OF THE 1ST |
Brooklyn Cyclones batting - Pitching for Milwaukee (NYP) Brewers : RHP Jay Cowgill
|
Pitching: RHP Jay Cowgill
|
|
Batting: LHB Elmo Dreier
|
0-0: Foul Ball, location: 2F 0-1: Swinging Strike 0-2: Hit by Pitch
|
Batting: SHB Callum Lynch
|
0-0: Ball Elmo Dreier steals 2nd, throwing error, E2 Elmo Dreier to third 1-0: Foul Ball, location: 2F 1-1: Ball 2-1: Foul Ball, location: 2F 2-2: Foul Ball, location: 2F 2-2: Foul Ball, location: 2F 2-2: Ground out 5-3 (Groundball, 56S, EV 90.6 MPH) Elmo Dreier scores
|
Batting: LHB Miguel Ramos
|
0-0: Ball 1-0: Called Strike 1-1: Ball 2-1: Foul Ball, location: 2F 2-2: Ball 3-2: Strikes out swinging
|
Batting: RHB Frank Shaw
|
0-0: Ball 1-0: Fly out, F7 (Flyball, 7D, EV 93.8 MPH)
|
Top of the 1st over - 1 run, 0 hits, 1 error, 0 left on base; Brooklyn 1 - Milwaukee (NYP) 0 |
BOTTOM OF THE 1ST |
Milwaukee (NYP) Brewers batting - Pitching for Brooklyn Cyclones : LHP Brad Guffin
|
Pitching: LHP Brad Guffin
|
|
Batting: SHB Aaron Neill
|
0-0: Called Strike 0-1: Ball 1-1: Ball 2-1: Ground out 4-3 (Groundball, 4, EV 90.6 MPH)
|
Batting: LHB Jason Raker
|
0-0: Ball 1-0: Foul Ball, location: 2F 1-1: Ball 2-1: Fly out, F9 (Flyball, 89M, EV 96.2 MPH)
|
Batting: RHB Victor Alarcon
|
0-0: Called Strike 0-1: Ball 1-1: Foul Ball, location: 2F 1-2: Ball 2-2: Ground out 6-3 (Groundball, 6D, EV 100.6 MPH)
|
Bottom of the 1st over - 0 runs, 0 hits, 0 errors, 0 left on base; Brooklyn 1 - Milwaukee (NYP) 0 |
TOP OF THE 2ND |
Brooklyn Cyclones batting - Pitching for Milwaukee (NYP) Brewers : RHP Jay Cowgill
|
Batting: RHB Victor Reyes
|
0-0: Ball 1-0: Ball 2-0: Ground out 6-3 (Groundball, 6, EV 76.9 MPH)
|
Batting: SHB Ryan Brown
|
0-0: Foul Ball, location: 2F 0-1: Ball 1-1: Ball 2-1: Ground out U3 (Groundball, 34S, EV 90.6 MPH)
|
Batting: RHB Tom Primmer
|
0-0: Ball 1-0: Called Strike 1-1: Ball 2-1: Called Strike 2-2: Strikes out looking
|
Top of the 2nd over - 0 runs, 0 hits, 0 errors, 0 left on base; Brooklyn 1 - Milwaukee (NYP) 0 |
BOTTOM OF THE 2ND |
Milwaukee (NYP) Brewers batting - Pitching for Brooklyn Cyclones : LHP Brad Guffin
|
Batting: RHB Jose Cerritos
|
0-0: Called Strike 0-1: Ball 1-1: Fly out, F8 (Line Drive, 8LM, EV 110.6 MPH)
|
Batting: LHB John Fortin
|
0-0: Ball 1-0: Swinging Strike 1-1: Fly out, F7 (Flyball, 7, EV 81.2 MPH)
|
Batting: SHB Craig Wright
|
0-0: Ball 1-0: Ball 2-0: Ball 3-0: Called Strike 3-1: Foul Ball, location: 2F 3-2: Foul Ball, location: 2F 3-2: Ground out 1-3 (Groundball, 13, EV 68.8 MPH)
|
Bottom of the 2nd over - 0 runs, 0 hits, 0 errors, 0 left on base; Brooklyn 1 - Milwaukee (NYP) 0 |
TOP OF THE 3RD |
Brooklyn Cyclones batting - Pitching for Milwaukee (NYP) Brewers : RHP Jay Cowgill
|
Batting: RHB Roberto Delgado
|
0-0: Called Strike 0-1: Swinging Strike 0-2: Foul Ball, location: 2F 0-2: Ball 1-2: Strikes out looking
|
Batting: SHB Duri Chilemba
|
0-0: Ball 1-0: SINGLE (Groundball, 6MD, EV 96.2 MPH)
|
Batting: LHB Elmo Dreier
|
0-0: Ball 1-0: Foul Ball, location: 2F 1-1: Ball 2-1: Ground out 5-3 (Groundball, 56, EV 81.9 MPH) Duri Chilemba to second
|
Batting: SHB Callum Lynch
|
0-0: Ground out 5-3 (Groundball, 5S, EV 71.9 MPH)
|
Top of the 3rd over - 0 runs, 1 hit, 0 errors, 1 left on base; Brooklyn 1 - Milwaukee (NYP) 0 |
BOTTOM OF THE 3RD |
Milwaukee (NYP) Brewers batting - Pitching for Brooklyn Cyclones : LHP Brad Guffin
|
Batting: RHB Jonathan Sarles
|
0-0: Ball 1-0: Called Strike 1-1: Ball 2-1: Ball 3-1: DOUBLE (Line Drive, 7LS, EV 108.8 MPH)
|
Batting: LHB Umar Matoub
|
0-0: Ball 1-0: Foul Ball, location: 2F 1-1: Ball 2-1: Foul Ball, location: 2F 2-2: Ball 3-2: Foul Ball, location: 2F 3-2: Strikes out looking
|
Batting: RHB Michael Dickerson
|
0-0: Ball 1-0: Foul Ball, location: 2F 1-1: Called Strike 1-2: Ball 2-2: Strikes out swinging
|
Batting: SHB Aaron Neill
|
0-0: Swinging Strike 0-1: Ball 1-1: Ball 2-1: Foul Ball, location: 2F 2-2: Strikes out looking
|
Bottom of the 3rd over - 0 runs, 1 hit, 0 errors, 1 left on base; Brooklyn 1 - Milwaukee (NYP) 0 |
TOP OF THE 4TH |
Brooklyn Cyclones batting - Pitching for Milwaukee (NYP) Brewers : RHP Jay Cowgill
|
Batting: LHB Miguel Ramos
|
0-0: Ball 1-0: Fly out, F7 (Flyball, 7D, EV 102.5 MPH)
|
Batting: RHB Frank Shaw
|
0-0: Called Strike 0-1: Ball 1-1: Ball 2-1: Fly out, F6 (Popup, 4M, EV 61.9 MPH)
|
Batting: RHB Victor Reyes
|
0-0: Foul Ball, location: 2F 0-1: Ground out 6-3 (Groundball, 6, EV 85.6 MPH)
|
Top of the 4th over - 0 runs, 0 hits, 0 errors, 0 left on base; Brooklyn 1 - Milwaukee (NYP) 0 |
BOTTOM OF THE 4TH |
Milwaukee (NYP) Brewers batting - Pitching for Brooklyn Cyclones : LHP Brad Guffin
|
Batting: LHB Jason Raker
|
0-0: Ball 1-0: Called Strike 1-1: Ball 2-1: Fly out, F8 (Flyball, 8RM, EV 90.6 MPH)
|
Batting: RHB Victor Alarcon
|
0-0: Called Strike 0-1: Called Strike 0-2: Foul Ball, location: 2F 0-2: Strikes out swinging
|
Batting: RHB Jose Cerritos
|
0-0: Fly out, F7 (Flyball, 7S, EV 77.5 MPH)
|
Bottom of the 4th over - 0 runs, 0 hits, 0 errors, 0 left on base; Brooklyn 1 - Milwaukee (NYP) 0 |
TOP OF THE 5TH |
Brooklyn Cyclones batting - Pitching for Milwaukee (NYP) Brewers : RHP Jay Cowgill
|
Batting: SHB Ryan Brown
|
0-0: Ball 1-0: Called Strike 1-1: Ground out 6-3 (Groundball, 6, EV 96.9 MPH)
|
Batting: RHB Tom Primmer
|
0-0: Hit by Pitch
|
Batting: RHB Roberto Delgado
|
0-0: Called Strike 0-1: Ball 1-1: Ball 2-1: Fly out, F7 (Flyball, 7D, EV 91.9 MPH)
|
Batting: SHB Duri Chilemba
|
0-0: Ball 1-0: Ground out 4-3 (Groundball, 4, EV 99.4 MPH)
|
Top of the 5th over - 0 runs, 0 hits, 0 errors, 1 left on base; Brooklyn 1 - Milwaukee (NYP) 0 |
BOTTOM OF THE 5TH |
Milwaukee (NYP) Brewers batting - Pitching for Brooklyn Cyclones : LHP Brad Guffin
|
Batting: LHB John Fortin
|
0-0: Ground out 6-3 (Groundball, 6M, EV 93.1 MPH)
|
Batting: SHB Craig Wright
|
0-0: Swinging Strike 0-1: Ball 1-1: TRIPLE (Flyball, 89XD, EV 101.9 MPH)
|
Batting: RHB Jonathan Sarles
|
0-0: Ball 1-0: Ball 2-0: Called Strike 2-1: Ground out 5-3 (Groundball, 56S, EV 65.0 MPH)
|
Batting: LHB Umar Matoub
|
0-0: Called Strike 0-1: Hit by Pitch
|
Batting: RHB Michael Dickerson
|
0-0: Fielders Choice at 2nd, 6-4 (Groundball, 56, EV 88.8 MPH)
|
Bottom of the 5th over - 0 runs, 1 hit, 0 errors, 2 left on base; Brooklyn 1 - Milwaukee (NYP) 0 |
TOP OF THE 6TH |
Brooklyn Cyclones batting - Pitching for Milwaukee (NYP) Brewers : RHP Jay Cowgill
|
Batting: LHB Elmo Dreier
|
0-0: Ball 1-0: Ball 2-0: Swinging Strike 2-1: Ground out 6-3 (Groundball, 56, EV 87.5 MPH)
|
Batting: SHB Callum Lynch
|
0-0: Called Strike 0-1: Foul Ball, location: 2F 0-2: Ball 1-2: Hit by Pitch
|
Batting: LHB Miguel Ramos
|
0-0: Foul Ball, location: 2F 0-1: Ball 1-1: Swinging Strike 1-2: Strikes out swinging
|
Batting: RHB Frank Shaw
|
Pickoff Throw to First - Out! 1-3 CS
|
Top of the 6th over - 0 runs, 0 hits, 0 errors, 0 left on base; Brooklyn 1 - Milwaukee (NYP) 0 |
BOTTOM OF THE 6TH |
Milwaukee (NYP) Brewers batting - Pitching for Brooklyn Cyclones : LHP Brad Guffin
|
Batting: SHB Aaron Neill
|
0-0: Ball 1-0: Ball 2-0: Swinging Strike 2-1: Ground out 5-3 (Groundball, 56, EV 103.1 MPH)
|
Batting: LHB Jason Raker
|
0-0: Swinging Strike 0-1: Called Strike 0-2: Ball 1-2: Ball 2-2: SINGLE (Groundball, 4MD, EV 104.4 MPH)
|
Pitching: LHP Matt Allert
|
|
Batting: RHB Victor Alarcon
|
0-0: Foul Ball, location: 2F 0-1: Ball 1-1: Foul Ball, location: 2F 1-2: Ball 2-2: Ball 3-2: Foul Ball, location: 2F 3-2: Fielders Choice at 2nd, 6-4 (Groundball, 6, EV 90.6 MPH)
|
Batting: RHB Jose Cerritos
|
0-0: Called Strike 0-1: Ball 1-1: Fly out, F8 (Line Drive, 8RM, EV 89.4 MPH)
|
Bottom of the 6th over - 0 runs, 1 hit, 0 errors, 1 left on base; Brooklyn 1 - Milwaukee (NYP) 0 |
TOP OF THE 7TH |
Brooklyn Cyclones batting - Pitching for Milwaukee (NYP) Brewers : RHP Jay Cowgill
|
Batting: RHB Frank Shaw
|
0-0: Ball 1-0: SINGLE (Groundball, 6MD, EV 95.6 MPH)
|
Batting: RHB Victor Reyes
|
0-0: Ball 1-0: Called Strike 1-1: Ball 2-1: Foul Ball, location: 2F 2-2: Ball 3-2: Foul Ball, location: 2F 3-2: Foul Ball, location: 2F 3-2: Strikes out swinging
|
Pitching: LHP Bryan Gagnon
|
|
Batting: SHB Ryan Brown
|
0-0: Ball 1-0: Ball 2-0: Ball 3-0: Base on Balls Frank Shaw to second
|
Batting: RHB Tom Primmer
|
0-0: Called Strike 0-1: Ball 1-1: Grounds into double play, 6-4-3 (Groundball, 6, EV 90.0 MPH)
|
Top of the 7th over - 0 runs, 1 hit, 0 errors, 1 left on base; Brooklyn 1 - Milwaukee (NYP) 0 |
BOTTOM OF THE 7TH |
Milwaukee (NYP) Brewers batting - Pitching for Brooklyn Cyclones : LHP Matt Allert
|
Batting: LHB John Fortin
|
0-0: Ball 1-0: Ball 2-0: Foul Ball, location: 2F 2-1: Called Strike 2-2: Foul Ball, location: 2F 2-2: Ball 3-2: Strikes out looking
|
Batting: SHB Craig Wright
|
0-0: Ball 1-0: SINGLE (Groundball, 3D, EV 95.0 MPH)
|
Batting: RHB Jonathan Sarles
|
0-0: Swinging Strike 0-1: Ball 1-1: Swinging Strike 1-2: Ball 2-2: Fly out, F9 (Flyball, 89D, EV 108.1 MPH)
|
Pinch Hitting: RHB Chris Maul
|
0-0: Ground out 6-3 (Groundball, 56D, EV 83.8 MPH)
|
Bottom of the 7th over - 0 runs, 1 hit, 0 errors, 1 left on base; Brooklyn 1 - Milwaukee (NYP) 0 |
TOP OF THE 8TH |
Brooklyn Cyclones batting - Pitching for Milwaukee (NYP) Brewers : LHP Bryan Gagnon
|
Now at 1B: Chris Maul
|
|
Batting: RHB Roberto Delgado
|
0-0: Ground out 5-3 (Groundball, 56, EV 89.4 MPH)
|
Batting: SHB Duri Chilemba
|
0-0: Ball 1-0: Foul Ball, location: 2F 1-1: Foul Ball, location: 2F 1-2: Strikes out swinging
|
Batting: LHB Elmo Dreier
|
0-0: Ball 1-0: Called Strike 1-1: Ball 2-1: Called Strike 2-2: Strikes out looking
|
Top of the 8th over - 0 runs, 0 hits, 0 errors, 0 left on base; Brooklyn 1 - Milwaukee (NYP) 0 |
BOTTOM OF THE 8TH |
Milwaukee (NYP) Brewers batting - Pitching for Brooklyn Cyclones : LHP Matt Allert
|
Batting: RHB Michael Dickerson
|
0-0: Ball 1-0: Foul Ball, location: 2F 1-1: Ball 2-1: Foul Ball, location: 2F 2-2: Ball 3-2: Foul Ball, location: 2F 3-2: Foul Ball, location: 2F 3-2: Ground out 4-3 (Groundball, 34, EV 91.9 MPH)
|
Batting: SHB Aaron Neill
|
0-0: Called Strike 0-1: Ball 1-1: Ball 2-1: Foul Ball, location: 2F 2-2: SINGLE (Flyball, 6D, EV 93.8 MPH)
|
Pitching: RHP Felipe Hinojosa
|
|
Batting: LHB Jason Raker
|
0-0: Ball 1-0: Called Strike 1-1: Foul Ball, location: 2F 1-2: Fly out, F7 (Flyball, 7, EV 91.9 MPH)
|
Pinch Hitting: LHB Tyler Francis
|
0-0: Ball 1-0: Foul Ball, location: 2F 1-1: Foul Ball, location: 2F 1-2: Ball 2-2: Strikes out looking
|
Bottom of the 8th over - 0 runs, 1 hit, 0 errors, 1 left on base; Brooklyn 1 - Milwaukee (NYP) 0 |
TOP OF THE 9TH |
Brooklyn Cyclones batting - Pitching for Milwaukee (NYP) Brewers : LHP Bryan Gagnon
|
Now in RF: Tyler Francis
|
|
Batting: SHB Callum Lynch
|
0-0: Called Strike 0-1: Swinging Strike 0-2: Ball 1-2: Ground out U3 (Groundball, 34, EV 91.9 MPH)
|
Pinch Hitting: RHB Jayden Copeland
|
0-0: Fly out, F8 (Flyball, 78M, EV 72.5 MPH)
|
Batting: RHB Frank Shaw
|
0-0: Ball 1-0: Ball 2-0: Called Strike 2-1: Swinging Strike 2-2: Strikes out looking
|
Top of the 9th over - 0 runs, 0 hits, 0 errors, 0 left on base; Brooklyn 1 - Milwaukee (NYP) 0 |
BOTTOM OF THE 9TH |
Milwaukee (NYP) Brewers batting - Pitching for Brooklyn Cyclones : RHP Felipe Hinojosa
|
Pitching: RHP Leo Burgos
|
|
Now at 1B: Salvador Gomez
|
|
Batting: RHB Jose Cerritos
|
0-0: Called Strike 0-1: Called Strike 0-2: Fly out, F9 (Line Drive, 9, EV 93.8 MPH)
|
Batting: LHB John Fortin
|
0-0: Called Strike 0-1: Ball 1-1: Ball 2-1: Called Strike 2-2: Fly out, F7 (Flyball, 7S, EV 95.0 MPH)
|
Batting: SHB Craig Wright
|
0-0: Foul Ball, location: 2F 0-1: Ball 1-1: Ground out 6-3 (Groundball, 56S, EV 82.5 MPH)
|
Bottom of the 9th over - 0 runs, 0 hits, 0 errors, 0 left on base; Brooklyn 1 - Milwaukee (NYP) 0 |
|